 Dungeon Crawl Stone Soup version 0.29-a0-1016-g236c7fd91e (webtiles) character file.

Game seed: 10778823079655009696

101013 zishaf the Dancer (level 16, -1/89 (93) HPs)
             Began as a Vine Stalker Brigand on Aug 9, 2022.
             Was a Believer of Uskayaw.
             Killed from afar by Azrael (12 damage)
             ... with a fireball
             ... on level 2 of the Orcish Mines.
             The game lasted 00:48:19 (21991 turns).

zishaf the Dancer (Vine Stalker Brigand)           Turns: 21991, Time: 00:48:20

HP:   -1/89 (93)    AC: 11    Str: 21    XL:     16   Next: 29%
MP:   0/28          EV: 13    Int: 16    God:    Uskayaw [**....]
Gold: 1727          SH: 18    Dex: 23    Spells: 15/15 levels left

rFire   + . .      SeeInvis .   a - +3 dagger (elec)
rCold   + + .      Faith    .   B - +2 kite shield
rNeg    . . .      Spirit   +   V - +2 robe {Will+}
rPois   +          Reflect  +   u - +2 helmet
rElec   +          Harm     .   c - +0 cloak
rCorr   +          Rampage  .   t - +0 pair of gloves
Will    +++..                   x - +0 pair of boots "Osuo" {rElec Regen+ Stlth+}
Stlth   +++++++...              z - amulet of reflection
HPRegen 1.84/turn               O - ring "Vamu" {Fly rC+ Int+5}
MPRegen 0.21/turn               E - +6 ring of strength

@: resistant, flying, lightly drained
A: fangs 3, regeneration 1, magic shield, antimagic bite, no potion heal 2
a: Renounce Religion, Stomp, Line Pass


You were on level 2 of the Orcish Mines.
You worshipped Uskayaw.
Uskayaw was pleased with you.
You visited 4 branches of the dungeon, and saw 22 of its levels.
You also visited: Bailey.

You collected 1979 gold pieces.
You spent 252 gold pieces at shops.

Inventory:

Hand Weapons
 a - a +3 dagger of electrocution (weapon)
Missiles
 d - 19 poisoned darts
 e - 4 curare-tipped darts
 n - 17 javelins (quivered)
 p - 2 silver boomerangs
 J - 10 boomerangs
Armour
 c - a +0 cloak (worn)
 t - a +0 pair of gloves (worn)
 u - a +2 helmet (worn)
 x - the +0 pair of boots "Osuo" (worn) {rElec Regen+ Stlth+}
   (You found it on level 4 of the Dungeon)

   rElec:     It insulates you from electricity.
   Regen:     It increases your rate of health regeneration.
   Stlth:     It makes you more stealthy.
 B - a +2 kite shield (worn)
 F - the +3 salamander hide armour {Flames rF++ rC--}
   (You found it on level 1 of the Orcish Mines)

   It surrounds you with a cloud of flames.
   It grants immunity to clouds of flame.
   It enhances your fire magic.
   rF:        It greatly protects you from fire.
   rC:        It makes you very vulnerable to cold.
 V - a +2 robe of willpower (worn)
Jewellery
 j - a ring of protection from cold
 r - an amulet of regeneration
 y - a ring of ice
 z - an amulet of reflection (around neck)
 E - a +6 ring of strength (right hand)
 O - the ring "Vamu" (left hand) {Fly rC+ Int+5}
   (You found it on level 12 of the Dungeon)

   [ring of flight]

   Int:       It affects your intelligence (+5).
   rC:        It protects you from cold.
   Fly:       It grants you flight.
 R - the ring "Poijoakh" {Fire Str+6 Int-5 Dex+3}
   (You found it on level 12 of the Dungeon)

   [ring of fire]

   It enhances your fire magic.
   Str:       It affects your strength (+6).
   Int:       It affects your intelligence (-5).
   Dex:       It affects your dexterity (+3).
   rF:        It protects you from fire.
   rC:        It makes you vulnerable to cold.
Wands
 k - a wand of mindburst (2)
 s - a wand of paralysis (40)
 A - a wand of roots (4)
 K - a wand of flame (25)
 P - a wand of digging (3)
 S - a wand of polymorph (9)
Scrolls
 f - a scroll of fear
 h - 5 scrolls of enchant armour
 D - 6 scrolls of blinking
 H - 6 scrolls of fog
 M - 6 scrolls of teleportation
 U - 5 scrolls of identify
 X - 2 scrolls of magic mapping
 Z - a scroll of enchant weapon
Potions
 b - a potion of berserk rage
 g - 2 potions of mutation
 i - 4 potions of brilliance
 l - 2 potions of magic
 m - a potion of might
 o - 2 potions of invisibility
 q - 2 potions of lignification
 v - 9 potions of curing
 C - 7 potions of ambrosia
 N - 2 potions of haste
Miscellaneous
 G - a phantom mirror
 L - a tin of tremorstones (2/2)
 W - a condenser vane (inert)
 Y - a box of beasts


   Skills:
 + Level 14.2 Fighting
 - Level 6.0(7.5) Short Blades
 - Level 6.9(8.0) Long Blades
 - Level 8.0 Throwing
 - Level 4.0 Armour
 - Level 4.0 Dodging
 + Level 13.9 Stealth
 + Level 4.4 Shields
 + Level 15.5 Invocations
 - Level 5.0 Evocations


You had 15 spell levels left.
You didn't know any spells.
Your spell library contained the following spells:

 Spells                   Type           Power      Damage    Failure   Level
 Magic Dart               Conj           0%         1d3       58%         1
 Sandblast                Erth           0%         2d4       58%         1
 Ensorcelled Hibernation  Hex/Ice        0%         N/A       73%         2
 Passwall                 Tmut/Erth      0%         N/A       73%         2
 Poisonous Vapours        Pois/Air       0%         N/A       73%         2
 Searing Ray              Conj           0%         2d4       73%         2
 Static Discharge         Conj/Air       0%         3-3/arc   73%         2
 Sublimation of Blood     Necr           0%         N/A       73%         2
 Wereblood                Tmut           0%         N/A       73%         2
 Conjure Flame            Conj/Fire      0%         6-21      91%         3
 Ignite Poison            Fire/Tmut/Pois 0%         N/A       91%         3
 Spider Form              Tmut/Pois      0%         N/A       91%         3
 Stone Arrow              Conj/Erth      0%         3d7       91%         3
 Tukima's Dance           Hex            0%         N/A       91%         3
 Airstrike                Air            0%         2d(0-16)  100%        4
 Anguish                  Hex/Necr       0%         N/A       100%        4
 Corpse Rot               Necr/Pois/Air  0%         N/A       100%        4
 Fulminant Prism          Conj/Hex       0%         3d6       100%        4
 Passage of Golubria      Tloc           0%         N/A       100%        4
 Petrify                  Tmut/Erth      0%         N/A       100%        4
 Sticky Flame             Conj/Fire      0%         2d3       100%        4
 Summon Lightning Spire   Summ/Air       0%         N/A       100%        4
 Irradiate                Conj/Tmut      0%         3d11      100%        5
 Lightning Bolt           Conj/Air       0%         1d11      100%        5
 Yara's Violent Unravell  Hex/Tmut       0%         3d3       100%        5
 Summon Hydra             Summ           0%         N/A       100%        7
 Maxwell's Capacitive Co  Air            0%         ∞         100%        8


Dungeon Overview and Level Annotations

Branches:
Dungeon (14/15)            Temple (1/1) D:5            Lair (5/5) D:10
 Shoals (0/4) Lair:3        Snake (0/4) Lair:2        Slime (0/5) Lair:4
    Orc (2/2) D:12            Elf (0/3) Orc:2        Vaults (0/5) D:13
 Bailey (visited)

Altars:
Ashenzari
Cheibriados
Dithmenos
Elyvilon
Fedhas
Gozag
Hepliaklqana
Kikubaaqudgha
Makhleb
Nemelex Xobeh
Okawaru
Qazlal
Ru
Sif Muna
Trog
Uskayaw
Vehumet
Wu Jian
Xom
Yredelemnul
Zin
The Shining One
Jiyva

Shops:
D:1 =   D:4 !   D:8 *   D:14 [?=[*

Annotations:
D:6 exclusion: upstairs
Orc:2 Azrael, Saint Roka


Innate Abilities, Weirdness & Mutations

You have razor-sharp teeth.
Your natural rate of healing is unusually fast.
When hurt, damage is shared between your health and your magic reserves.
Your bite disrupts and absorbs the magic of your enemies.
Potions cannot restore your health.


Message History

The hell hound is severely wounded.
Azrael is moderately wounded.
The hell hound is heavily wounded.
You destroy the fire elemental!
The fire elemental is heavily damaged.
The hell hound bites you.
* * * LOW HITPOINT WARNING * * *
The hell hound bites you.
* * * LOW HITPOINT WARNING * * *
You block the fire elemental's attack.
Azrael screams, "Burn!
Burn!
All of it must BURN!"
Azrael gestures at you.
The sticky flame reflects off an invisible shield around you!
The sticky flame hits Azrael.
Azrael completely resists.
Azrael is covered in liquid flames!
The hell hound bites you but does no damage.
The fire elemental completely misses you.
You stomp with the beat, sending a shockwave through the revellers around you!
You kill the hell hound!
Azrael is severely wounded.
The hell hound is almost dead.
The fire elemental is moderately damaged.
The fire elemental is almost destroyed.
The hell hound misses you. The fire elemental barely misses you.
You block the fire elemental's attack. You block Azrael's attack.
Unknown command.
You hit the hell hound.
Lightning courses through the hell hound!!
You kill the hell hound!
The fire elemental misses you. The fire elemental hits you.
The fire elemental burns you! You resist.
* * * LOW HITPOINT WARNING * * *
Unknown command.
You hit the fire elemental but do no damage.
You bite the fire elemental. You drain its power.
You feel invigorated.
The fire elemental is almost destroyed.
The fire elemental closely misses you. Azrael gestures at you.
The fireball explodes!
The fireball engulfs you!! You resist.
You die...

#..............#
#.................
#..............##.
#..............#
#$.............#
#..............#
#..............#
#.E............#
#@†°...........#
#RE............
##........
#........
#........
#........
#........
.........


You could see Azrael (burning) and 2 fire elementals.

Vanquished Creatures
  Jorgrun (Orc:1)
  A sphinx (D:12)
  An orc warlord (Orc:1)
  The ghost of Qojuicash the Frost Mage, a journeyman DrTm of Hepliaklqana (Lair:3)
  Snorg (D:14)
  An ettin (D:12)
  2 fire dragons
  The ghost of siradein the Geomancer, a journeyman DsEE of Sif Muna (Lair:1)
  2 boulder beetles
  An ice dragon (D:12)
  2 centaur warriors (D:11)
  6 hydras
  2 two-headed ogres
  The ghost of Yogidamonk the Protected, a novice MiBe of Trog (D:10)
  The ghost of drpainis the Cleaver, a novice HOFi of Beogh (Orc:1)
  2 death knights
  2 orc high priests
  7 skeletal warriors
  A spectral death yak (Lair:1)
  A flayed ghost (D:11)
  A death drake (shapeshifter) (D:12)
  2 wizards
  A lindwurm (Lair:5)
  A harpy (shapeshifter) (D:12)
  4 orc knights
  8 deep elf pyromancers
  An orc sorcerer (Orc:2)
  4 cyclopes (D:12)
  3 manticores
  18 elephants
  4 ugly things (D:14)
  7 black mambas
  2 gargoyles
  A torpor snail (Lair:4)
  3 molten gargoyles (Lair:5)
  An unseen horror (D:12)
  A cane toad (shapeshifter) (D:11)
  7 cane toads
  5 kobold demonologists
  An efreet (D:14)
  10 komodo dragons
  3 freezing wraiths
  A yaktaur (D:11)
  3 tengu conjurers
  A meliai (shapeshifter) (D:14)
  5 trolls
  A queen bee (Lair:2)
  2 polar bears
  4 meliai
  Prince Ribbit (D:6)
  25 blink frogs
  A wind drake (Lair:3)
  A tarantella (shapeshifter) (D:11)
  A hornet (D:7)
  A slime creature (shapeshifter) (D:12)
  16 dream sheep
  3 slime creatures (D:13)
  A spectral dream sheep (Lair:1)
  A shadow (D:12)
  9 wyverns
  76 yaks
  3 vampires
  6 wraiths
  A fire elemental (Orc:2)
  10 basilisks
  3 steam dragons
  14 vampire mosquitoes
  2 wargs
  An acid dragon (D:12)
  9 water moccasins
  9 hell hounds
  3 ice beasts
  A sky beast (D:7)
  24 orc warriors
  2 black bears
  4 ogres
  13 wolves
  2 phantoms
  3 centaurs
  2 kobold brigands
  11 bullfrogs
  A necrophage (D:6)
  2 scorpions (D:7)
  12 wights
  An elephant simulacrum (Lair:1)
  39 killer bees
  2 dream sheep simulacra (Lair:1)
  9 howler monkeys
  6 electric eels
  5 lava snakes (Lair:5)
  A crimson imp (D:4)
  13 orc priests
  4 hounds (D:5)
  2 gnoll boudas
  4 jellies
  5 iguanas
  22 orc wizards
  6 hell rats (Lair:4)
  5 adders
  8 gnolls
  2 river rats (Lair:2)
  A white imp (D:4)
  6 worms
  3 dart slugs
  86 orcs
  6 bats
  9 endoplasms
  3 giant cockroaches
  5 hobgoblins
  12 jackals
  5 quokkas
  3 ball pythons
  3 frilled lizards (D:2)
  12 goblins
  11 kobolds
  6 rats
721 creatures vanquished.

Vanquished Creatures (others)
  An orc (Orc:2)
  24 fungi
  47 plants
72 creatures vanquished.

Grand Total: 793 creatures vanquished

Notes
Turn   | Place    | Note
-------+----------+-------------------------------------------
     0 | D:1      | zishaf the Vine Stalker Brigand began the quest for the
                  | Orb.
     0 | D:1      | Reached XP level 1. HP: 11/11 MP: 2/2
   326 | D:1      | Reached skill level 1 in Dodging
   326 | D:1      | Reached skill level 5 in Stealth
   326 | D:1      | Reached XP level 2. HP: 15/15 MP: 3/3
   686 | D:1      | Found Hukoxul's One-of-a-Kind Rings.
   825 | D:1      | Reached XP level 3. HP: 3/18 MP: 0/4
  1730 | D:2      | Gained mutation: Your natural rate of healing is unusually
                  | fast. [Vine Stalker growth]
  1730 | D:2      | Reached XP level 4. HP: 23/23 MP: 5/5
  1763 | D:2      | Found a faded altar of an unknown god.
  2661 | D:3      | Reached XP level 5. HP: 27/27 MP: 6/6
  3086 | D:4      | Noticed a black bear
  3091 | D:4      | Killed a black bear
  3092 | D:4      | Reached skill level 1 in Evocations
  3205 | D:4      | Reached XP level 6. HP: 31/32 MP: 5/7
  3441 | D:4      | Found Ymapt's Distillery.
  3450 | D:4      | Bought a potion of curing for 42 gold pieces
  3657 | D:4      | Found a burning altar of Makhleb.
  3669 | D:4      | Identified the +0 pair of boots "Osuo" {rElec Regen+
                  | Stlth+}
  3893 | D:5      | Entered Level 5 of the Dungeon
  3971 | D:5      | Found a staircase to the Ecumenical Temple.
  4069 | D:5      | Reached XP level 7. HP: 36/36 MP: 8/8
  4658 | D:6      | Noticed Prince Ribbit
  4700 | D:6      | Killed Prince Ribbit
  4701 | D:6      | Gained mutation: You have razor-sharp teeth. [Vine Stalker
                  | growth]
  4701 | D:6      | Reached XP level 8. HP: 19/42 MP: 4/9
  4883 | D:6      | Found a transporter.
  4892 | Temple   | Entered the Ecumenical Temple
  5036 | D:6      | Found a glowing silver altar of Zin.
  5036 | D:6      | Found a glowing golden altar of the Shining One.
  5037 | D:6      | Found a white marble altar of Elyvilon.
  5156 | D:6      | Found a transporter.
  5639 | D:7      | Reached XP level 9. HP: 46/46 MP: 10/10
  5645 | D:7      | Noticed a hornet
  5652 | D:7      | Killed a hornet
  5653 | D:7      | Reached skill level 5 in Fighting
  5653 | D:7      | Reached skill level 5 in Short Blades
  5653 | D:7      | Reached skill level 5 in Throwing
  6081 | D:8      | Reached XP level 10. HP: 53/53 MP: 11/11
  6083 | D:8      | Reached skill level 10 in Stealth
  6416 | D:8      | Found Ahaheos's Specific Store.
  6418 | D:8      | Found Wedax's General Store.
  7534 | D:9      | Found a flagged portal.
  7551 | D:9      | Identified the amulet "Kadoh" {Acrobat rC+ Str-5 Int+2
                  | SInv}
  7580 | Bailey   | Entered a bailey
  7775 | Bailey   | Reached skill level 9 in Invocations
  7775 | Bailey   | Reached XP level 11. HP: 58/58 MP: 11/18
  7776 | Bailey   | Noticed an orc knight
  7778 | Bailey   | Killed an orc knight
  7779 | Bailey   | Reached skill level 1 in Armour
  7786 | Bailey   | Identified the +8 great mace "Xedid" {vorpal, rElec Str+7}
  8125 | D:9      | Reached XP level 12. HP: 57/64 MP: 15/19
  8180 | D:9      | Found a snail-covered altar of Cheibriados.
  8180 | D:9      | Found a basalt altar of Yredelemnul.
  8643 | D:10     | Entered Level 10 of the Dungeon
  8643 | D:10     | Noticed Yogidamonk's ghost (novice MiBe)
  8653 | D:10     | Found a runed translucent door.
  8896 | D:10     | Found an iron altar of Okawaru.
  8896 | D:10     | Found a shimmering blue altar of Sif Muna.
  8898 | D:10     | Found a blossoming altar of Fedhas.
  8901 | D:10     | Found an ancient bone altar of Kikubaaqudgha.
  8957 | D:10     | Killed Yogidamonk's ghost
  9073 | D:10     | Found a staircase to the Lair.
  9086 | D:10     | Found a hide-covered altar of Uskayaw.
  9086 | D:10     | Noticed a two-headed ogre
  9099 | D:10     | Killed a two-headed ogre
  9114 | D:10     | Became a worshipper of Uskayaw the Reveller
  9130 | D:10     | Reached * piety under Uskayaw
  9134 | D:10     | Reached ** piety under Uskayaw
  9139 | D:10     | Reached *** piety under Uskayaw
  9294 | D:10     | Found a stormy altar of Qazlal.
  9314 | D:10     | Reached **** piety under Uskayaw
  9321 | D:10     | Reached ***** piety under Uskayaw
  9424 | D:10     | Reached skill level 1 in Long Blades
  9424 | D:10     | Reached skill level 5 in Evocations
  9682 | Lair:1   | Entered Level 1 of the Lair of Beasts
  9845 | Lair:1   | Found a runed translucent gate.
  9845 | Lair:1   | Found a runed translucent gate.
  9845 | Lair:1   | Found a runed translucent gate.
  9847 | Lair:1   | Noticed siradein's ghost (journeyman DsEE)
  9887 | Lair:1   | Noticed an eight-headed hydra
  9947 | D:10     | Killed an eight-headed hydra
  9949 | D:10     | Reached skill level 10 in Invocations
  9999 | D:10     | Reached XP level 13. HP: 29/70 MP: 16/21
 10447 | Lair:1   | Noticed a fire dragon
 10450 | Lair:1   | Found the brooch of Shielding {Spirit SH+8}
 10459 | Lair:1   | Killed a fire dragon
 10972 | Lair:1   | Killed siradein's ghost
 10973 | Lair:1   | Reached skill level 10 in Fighting
 10975 | Lair:1   | Reached skill level 11 in Invocations
 11208 | Lair:2   | Reached ****** piety under Uskayaw
 11255 | Lair:2   | HP: 4/108 [blink frog (5)]
 11261 | Lair:2   | HP: 3/108 [queen bee (5)]
 11458 | Lair:2   | Found a staircase to the Snake Pit.
 11617 | Lair:2   | Reached skill level 12 in Invocations
 12131 | Lair:2   | Reached XP level 14. HP: 79/79 MP: 24/24
 13151 | Lair:3   | Found a runed translucent door.
 13156 | Lair:3   | Noticed Qojuicash's ghost (journeyman DrTm)
 13339 | Lair:3   | Found a staircase to the Shoals.
 13485 | Lair:3   | Killed Qojuicash's ghost
 13607 | Lair:4   | Found a staircase to the Slime Pits.
 13609 | Lair:4   | Found a viscous altar of Jiyva.
 13732 | Lair:4   | You are sucked into a shaft and drop 1 floor!
 13732 | Lair:5   | Entered Level 5 of the Lair of Beasts
 13747 | Lair:5   | Reached skill level 13 in Invocations
 14845 | Lair:5   | Reached skill level 14 in Invocations
 15365 | Lair:5   | Found a large runed translucent door.
 15367 | Lair:5   | Found a large runed translucent door.
 16061 | D:11     | Reached XP level 15. HP: 81/86 MP: 22/26
 16381 | D:11     | Identified the +9 war axe of Weesma {freeze, Str+3 Dex+2}
 16739 | D:11     | Reached skill level 5 in Long Blades
 16974 | D:12     | Found the amulet of Elemental Vulnerability {rPois rF--
                  | rC-- AC+8}
 16976 | D:12     | Noticed a sphinx
 16982 | D:12     | Killed a sphinx
 16985 | D:12     | Reached skill level 1 in Shields
 16996 | D:12     | Identified the ring "Vamu" {Fly rC+ Int+5}
 16999 | D:12     | Identified the ring "Poijoakh" {Fire Str+6 Int-5 Dex+3}
 17560 | D:12     | Found a transporter.
 17568 | D:12     | Found a transporter.
 17764 | D:12     | Found a transporter.
 17787 | D:12     | Found a transporter.
 18113 | D:12     | Found a staircase to the Orcish Mines.
 18977 | D:13     | Reached skill level 15 in Invocations
 19481 | D:13     | Found a gate to the Vaults.
 19642 | D:14     | Noticed Snorg
 19656 | D:14     | Killed Snorg
 19885 | D:14     | Found Jilooh's Jewellery Emporium.
 19902 | D:14     | Found Rige Ibb's Armour Boutique.
 20196 | D:14     | Reached XP level 16. HP: 30/93 MP: 19/28
 20375 | D:14     | Found Resexil's Magic Scroll Shop.
 20384 | D:14     | Bought a scroll of blinking for 105 gold pieces
 20384 | D:14     | Bought a scroll of enchant weapon for 105 gold pieces
 20442 | D:14     | Found Aporewk's Antique Armour Boutique.
 20571 | D:14     | Found Gucligos's General Store.
 20678 | Orc:1    | Entered Level 1 of the Orcish Mines
 20687 | Orc:1    | Noticed Jorgrun
 20697 | Orc:1    | Killed Jorgrun
 20789 | Orc:1    | Found a runed translucent gate.
 20789 | Orc:1    | Found a runed translucent gate.
 20789 | Orc:1    | Found a runed translucent gate.
 20795 | Orc:1    | Noticed drpainis's ghost (novice HOFi)
 20796 | Orc:1    | Identified the +2 chain mail of Tomorrow {rElec Will++}
 20798 | Orc:1    | Found the +3 salamander hide armour {Flames rF++ rC--}
 20892 | Orc:2    | Entered Level 2 of the Orcish Mines
 20929 | Orc:1    | Killed drpainis's ghost
 21033 | Orc:1    | Identified the +7 arbalest "Kuech" {speed, Int+2}
 21107 | Orc:2    | Found a staircase to the Elven Halls.
 21569 | Orc:2    | Found Ugogae's Antique Weapon Emporium.
 21584 | Orc:2    | Noticed Saint Roka
 21970 | Orc:2    | Noticed Azrael
 21991 | Orc:2    | Killed from afar by Azrael

Illustrated notes

Levels and vault maps discovered:
D:1:      lemuel_arrival_rhombus, layout_basic, nicolae_shop_unique_rings,
          hangedman_decor_points, minmay_tromino_i2
D:2:      layout_rooms, ebering_ecumenical_altar_mist, minmay_strange_pillars,
          minmay_small_reverse_x
D:3:      layout_basic
D:4:      layout_loops_cross, mainiacjoe_overflow_concentric_impassable,
          serial_shops, nicolae_shop_advertising_works
          [nicolae_subvault_shop_adworks], minmay_fire_ice_demons
D:5:      layout_basic, minmay_temple_entry_from_below_a,
          small_statue_intersection
D:6:      gammafunk_steamed_eel, layout_basic, good_gods_mini_temple,
          uniq_prince_ribbit1
D:7:      layout_rooms, corexii_corridor_pit, minivault_11,
          kennysheep_generic_room_3
D:8:      layout_layer_cave, nicolae_specific_store
D:9:      layout_basic, mainiacjoe_overflow_divided_tiny, enter_bailey_3,
          serial_bayou_lagoon_b
D:10:     layout_rooms, mainiacjoe_overflow_brackets, lemuel_tele_altar,
          chequers_temple_overflow_statue_of_worship, lair_entry_dummy,
          hellmonk_ghost_happy_afterlife
D:11:     layout_loops_cross, minmay_evil_grid
D:12:     minmay_tile_spiral, layout_long_grid, minmay_orc_entry_temple_small,
          minmay_misc_feat_x, nicolae_transporter_intersection
D:13:     layout_rooms, david_vaults_1
D:14:     layout_basic, serial_shops, nicolae_shop_waterfront,
          nicolae_square_shop, shop, nicolae_stop_n_shop_2, shop_statue,
          dreamdust_mushroom_princess, billiards_dpeg, uniq_snorg, uniq_lodul
Temple:   eino_temple_lava
Lair:1:   dragon1_lemuel, layout_regular_city, gammafunk_ghost_necromancy,
          serial_bayou_shore_a
Lair:2:   regret_index_tunnel_blossom, layout_cave_pods
Lair:3:   layout_cave_pods, minmay_shoals_entry_beasts, gammafunk_ghost_grave,
          small_statue_intersection
Lair:4:   layout_regular_city, slime_entry_1, minmay_holes,
          infiniplex_staircase_pool_2, grunt_megastairs_3
Lair:5:   cheibrodos_lair_end_hotspot, layout_regular_city, serial_rivers,
          chequers_serial_rivers_room_a, chequers_serial_rivers_small_b,
          chequers_serial_rivers_micro_b, chequers_serial_rivers_small_3
Orc:1:    layout_caves, biasface_ghost_orc_armoury, basic_altar, uniq_jorgrun
Orc:2:    st_orc_elflike, layout_caves, serial_shops, nicolae_diamond_shop,
          abandoned_shop, lightli_orcish_oven, uniq_saint_roka, uniq_azrael,
          uniq_sonja

Skill      XL: |  1  2  3  4  5  6  7  8  9 10 11 12 13 14 15 16 |
---------------+-------------------------------------------------+-----
Dodging        | 1 3 4 |  4.0
Stealth        | 5 6 7 8 9 11 12 13 | 13.9
Short Blades   | 2 3 4 6 |  6.0
Fighting       | 2 3 4 6 7 9 11 13 14 | 14.2
Throwing       | 2 3 4 6 7 8 |  8.0
Evocations     | 1 2 3 4 5 |  5.0
Invocations    | 9 10 12 14 15 | 15.5
Armour         | 1 3 4 |  4.0
Long Blades    | 3 4 6 |  6.9
Shields        | 3 4 |  4.4

Action                   |  1- 3 |  4- 6 |  7- 9 | 10-12 | 13-15 | 16-18 || total
-------------------------+-------+-------+-------+-------+-------+-------++-------
Melee: Dagger            |   104 |   169 |   175 |   509 |  1352 |   237 ||  2546
       Bite              |    25 |    36 |    43 |   184 |   550 |    95 ||   933
       Punch             |       |     2 |     4 |     7 |     9 |       ||    22
Throw: Javelin           |     3 |     3 |       |     6 |     1 |       ||    13
       Dart              |       |       |     2 |     7 |       |       ||     9
Invok: Grand Finale      |       |       |       |       |     5 |     2 ||     7
       Stomp             |       |       |       |       |       |     2 ||     2
Evoke: Wand              |       |       |       |     5 |     2 |     1 ||     8
       Condenser vane    |       |       |       |       |       |     1 ||     1
  Use: Scroll            |       |     5 |     5 |     6 |    13 |       ||    29
       Potion            |       |       |       |     2 |     3 |     2 ||     7
 Stab: Sleeping          |     4 |    14 |    17 |    32 |    54 |     3 ||   124
       Paralysed         |       |       |       |    14 |    92 |    15 ||   121
       Distracted        |       |       |       |     1 |     4 |       ||     5
Armor: Ring mail         |    47 |    66 |    48 |   146 |   171 |       ||   478
       Skin              |       |       |       |       |    25 |       ||    25
       Steam dragon scal |       |       |       |       |   134 |       ||   134
       Robe              |       |       |       |       |    80 |    59 ||   139
Dodge: Dodged            |    69 |    89 |    54 |   206 |   594 |   105 ||  1117
Block: Other             |       |       |       |    86 |   165 |       ||   251
       Reflection        |       |       |       |       |     5 |     5 ||    10
       Buckler           |       |       |       |       |   196 |    43 ||   239
       Kite shield       |       |       |       |       |       |   157 ||   157

Table legend: (Time is in decaauts)
 A = Elapsed time spent in this place.
 B = Non-inter-level travel time spent in this place.
 C = Inter-level travel time spent in this place.
 D = Time resting spent in this place.
 E = Time spent auto-exploring this place.
 F = Levels seen in this place.
 G = Mean time per level.
                   A        B        C        D        E       F      G
               +--------+--------+--------+--------+--------+-----+--------+
         Total |  21291 |  19809 |   1482 |   1401 |  13068 |  23 |  925.7 |
       Dungeon |  13867 |  12785 |   1082 |   1138 |   8439 |  14 |  990.5 |
        Temple |     69 |     63 |      6 |      0 |     60 |   1 |   69.0 |
          Lair |   5810 |   5481 |    329 |    152 |   3899 |   5 | 1162.0 |
  Orcish Mines |   1208 |   1144 |     64 |     98 |    541 |   2 |  604.0 |
        Bailey |    335 |    335 |      0 |     13 |    129 |   1 |  335.0 |
               +--------+--------+--------+--------+--------+-----+--------+

Top non-repeatable levels by time:
    D:12: 2113 daAuts
     D:1: 1649 daAuts
  Lair:2: 1512 daAuts
  Lair:5: 1397 daAuts
     D:8: 1361 daAuts
  Lair:1: 1121 daAuts
    D:10: 1095 daAuts
     D:6: 944 daAuts
  Lair:3: 934 daAuts
    D:14: 859 daAuts
     D:4: 854 daAuts
     D:3: 852 daAuts
  Lair:4: 845 daAuts
     D:9: 844 daAuts
    D:11: 826 daAuts
